 Dungeon Crawl Stone Soup version 0.21.1-1-g345015f (webtiles) character file.

62 Kagorn the Chopper (level 4, -1/28 HPs)
             Began as a Gargoyle Gladiator on June 12, 2018.
             Slain by a gnoll
             ... wielding a +0 whip
              (3 damage)
             ... on level 2 of the Dungeon.
             The game lasted 00:07:31 (1210 turns).

Kagorn the Chopper (Gargoyle Gladiator)             Turns: 1210, Time: 00:07:33

Health: -1/28      AC:  8    Str: 18    XL:     4   Next: 8%
Magic:  4/4        EV: 12    Int:  9    God:
Gold:   42         SH:  0    Dex: 11    Spells: 3/3 levels left

rFire    + . .     SeeInvis .   a - +0 war axe
rCold    . . .     Gourm    .   (no shield)
rNeg     + . .     Faith    .   b - +0 leather armour
rPois    ∞         Spirit   .   c - +0 helmet
rElec    +         Reflect  .   (no cloak)
rCorr    .         Harm     .   t - +0 pair of gloves
MR       .....     Rnd*Tele +   (no boots)
Stlth    +.........             (no amulet)
HPRegen  0.09/turn              o - ring of protection from fire
MPRegen  0.09/turn              p - ring of teleportation

@: no status effects
A: negative energy resistance 1, electricity resistance, unbreathing,
petrification resistance, rot immunity, AC +3
a: no special abilities


You were on level 2 of the Dungeon.
You were not hungry.

You visited 1 branch of the dungeon, and saw 2 of its levels.

You collected 42 gold pieces.

Inventory:

Hand Weapons
 a - a +0 war axe (weapon)
Missiles
 d - 3 throwing nets (quivered)
Armour
 b - a +0 leather armour (worn)
 c - a +0 helmet (worn)
 t - a +0 pair of gloves (worn)
Jewellery
 o - a ring of protection from fire (left hand)
 p - a ring of teleportation (right hand)
Scrolls
 h - 2 scrolls of remove curse
 l - a scroll of teleportation
 n - a scroll of blinking
Potions
 e - 2 potions of agility
 g - a potion of berserk rage {unknown}
 i - a potion of lignification {unknown}
 j - a potion of invisibility {unknown}
 k - a potion of heal wounds {unknown}
Comestibles
 f - 3 rations


   Skills:
 * Level 3.0 Fighting
 * Level 3.2 Axes
 * Level 2.3 Throwing
 + Level 0.9 Armour
 + Level 2.6 Dodging
 + Level 1.0 Stealth


You had 3 spell levels left.
You didn't know any spells.

Dungeon Overview and Level Annotations

Branches:
Dungeon (2/15)

Altars:


Innate Abilities, Weirdness & Mutations

You are resistant to torment.
Your stone body is resilient. (AC +3)
You are immune to poison.
You resist negative energy. (rN+)
You are resistant to electric shocks. (rElec)
You can survive without breathing.
You are immune to petrification.
You are immune to rotting.


Message History

You hit the gnoll. The bat hits you but does no damage.
The gnoll hits you but does no damage. The gnoll hits you with a whip.
* * * LOW HITPOINT WARNING * * *
You barely miss the gnoll.
The gnoll is almost dead.
You hit the gnoll. The bat barely misses you. The gnoll closely misses you.
The gnoll hits you but does no damage. The gnoll closely misses you.
The gnoll hits you but does no damage.
You barely miss the gnoll.
The gnoll is almost dead.
You barely miss the gnoll. The bat hits you but does no damage.
The gnoll barely misses you. The gnoll hits you with a whip.
* * * LOW HITPOINT WARNING * * *
You barely miss the gnoll.
The gnoll is almost dead.
You hit the bat.
You kill the bat!
You closely miss the gnoll. The gnoll hits you but does no damage.
The gnoll hits you with a whip.
You die...

.##.........##.###.######
##...>.....................
...............##.###.#.....
#.....#...##..#.##.# #.#.####
..[........##.##..... #.#)...#
.................##)###.#....#
...........##.##.##.# #.#....#
....#...(.(g†..##.# #.#.....
..........g@##.##.# #.#....#
#.###.#....#####.##.# #.#....#
..........##### .##.###'#....#
.#..............##..........#
#.......#####..##.......)..#
#.......# .##).....#####
....?.....# .##......#
........#.# #......#
........#.# #.###'######


You could see 2 gnolls.

Vanquished Creatures
  An adder (D:2)
  A gnoll (D:2)
  A worm (D:2)
  4 dart slugs (D:1)
  A ball python (D:1)
  3 bats
  2 giant cockroaches
  5 goblins
  2 hobgoblins
  A jackal (D:2)
  4 kobolds
  A quokka (D:2)
  A frilled lizard (D:2)
  5 rats
32 creatures vanquished.

Notes
Turn   | Place    | Note
-------+----------+-------------------------------------------
     0 | D:1      | Kagorn the Gargoyle Gladiator began the quest for the Orb.
     0 | D:1      | Reached XP level 1. HP: 12/12 MP: 1/1
   289 | D:1      | Reached XP level 2. HP: 17/18 MP: 2/2
   753 | D:1      | Reached XP level 3. HP: 20/22 MP: 3/3
  1204 | D:2      | Reached skill level 1 in Stealth
  1204 | D:2      | Reached XP level 4. HP: 16/28 MP: 4/4
  1210 | D:2      | Slain by a gnoll

Skill      XL: |  1  2  3 |
---------------+----------+-----
Throwing       | 2 |  2.3
Axes           | 3 |  3.2
Fighting       | 3 |  3.0
Stealth        | 1 |  1.0
Armour         | |  0.9
Dodging        | |  2.6

Action                   |  1- 3 |  4- 6 || total
-------------------------+-------+-------++-------
Melee: War axe           |   100 |     5 ||   105
  Use: Scroll            |     7 |       ||     7
  Eat: Chunk             |     1 |       ||     1
Armor: Leather armour    |    40 |     6 ||    46
Dodge: Dodged            |    83 |    11 ||    94
